 Dungeon Sprint DCSS version 0.29-a0-338-g1ff7896281 (webtiles) character file.

Game seed: 6117359641147315887

162 HendSelp the Covered (level 5, 0/52 HPs)
             Began as a Minotaur Fighter on Apr 18, 2022.
             Slain by a fire elemental (9 damage)
             ... summoned by a deep elf pyromancer
             ... in the Dungeon (Sprint III: "The Ten Rune Challenge").
             The game lasted 00:01:08 (610 turns).

HendSelp the Covered (Minotaur Fighter)              Turns: 610, Time: 00:01:08

Health: 0/52       AC:  7    Str: 21    XL:     5   Next: 19%
Magic:  4/4        EV: 10    Int:  5    God:
Gold:   34         SH:  5    Dex: 11    Spells: 4/4 levels left

rFire   . . .      SeeInvis .   a - +0 long sword
rCold   . . .      Faith    .   c - +0 buckler
rNeg    . . .      Spirit   .   b - +0 scale mail
rPois   .          Reflect  .   (helmet restricted)
rElec   .          Harm     .   (no cloak)
rCorr   .          Rampage  .   (no gloves)
Will    .....      NoTele   +   (no boots)
Stlth   ..........              (no amulet)
HPRegen 0.17/turn               (no ring)
MPRegen 0.09/turn               (no ring)

@: on fire, glowing
A: horns 2, retaliatory headbutt
a: no special abilities


You were in the Dungeon.
You visited 1 branch You collected 34 gold pieces.

Inventory:

Hand Weapons
 a - a +0 long sword (weapon)
Armour
 b - a +0 scale mail (worn)
 c - a +0 buckler (worn)
Scrolls
 f - a scroll of holy word {unknown}
 j - 2 scrolls of blinking
 k - 2 scrolls of identify
 m - a scroll of immolation {unknown}
Potions
 d - a potion of might
 e - 4 potions of mutation {unknown}
 g - a potion of haste
 h - 2 potions of magic
 i - a potion of berserk rage
 l - 4 potions of flight


   Skills:
 * Level 7.2 Fighting
 * Level 5.8 Long Blades
 * Level 7.3 Armour
 * Level 3.4 Dodging
 * Level 6.9 Shields


You had 4 spell levels left.
You didn't know any spells.
Your spell library contained the following spells:

 Spells                   Type           Power      Damage    Failure   Level
 Corpse Rot               Necr/Air       0%         N/A       94%         2
 Poisonous Vapours        Pois/Air       0%         N/A       94%         2


Dungeon Overview and Level Annotations

Branches:
Dungeon (1/1)

Altars:
Elyvilon
Kikubaaqudgha
Sif Muna
Vehumet
Zin
The Shining One


Innate Abilities, Weirdness & Mutations

You have a pair of horns on your head.
You reflexively headbutt those who attack you in melee.


Message History

a +0 dagger; a +0 robe; a kobold corpse
There is an open door here.
Things that are here:
a +0 dagger; a +0 robe You start resting.
There is a fountain of clear blue water here.
You start resting.
You start resting.
HP restored.
You open the door.
Found three altars.
No target in view!
No target in view!
A deep elf pyromancer comes into view.
It is wielding a +0 long sword of holy wrath.
Found a potion of heal wounds.
The deep elf pyromancer mumbles some strange words.
The deep elf pyromancer blinks!
There is an open door here.
You hit the deep elf pyromancer.
The deep elf pyromancer is lightly wounded.
The deep elf pyromancer mumbles some strange words.
You hit the deep elf pyromancer.
The deep elf pyromancer is lightly wounded.
The deep elf pyromancer casts a spell at you.
The sticky flame hits you.
You are covered in liquid flames!
The fire elemental barely misses you. You furiously retaliate!
You headbutt the fire elemental! The fire elemental hits you.
The fire elemental burns you!
You are on fire!
You closely miss the deep elf pyromancer.
The deep elf pyromancer is lightly wounded.
You are covered in liquid flames!
The fire elemental hits you. The fire elemental burns you!
You block the deep elf pyromancer's attack.
You block the fire elemental's attack. The fire elemental hits you.
The fire elemental burns you!
* * * LOW HITPOINT WARNING * * *
The fire elemental hits you. The fire elemental burns you!
You die...

▓▓▓▓▓▓ ▓▓▓ '....♣
♣.##### #....♣ ♣♣.#___#
#....♣♣ ♣..#!..#
#....≈♣♣♣♣♣.###'#+###+##
#...≈≈♣...♣.#...@e.....#
#†.≈≈≈≈.♣...'.⌠E.E.....#
#..≈≈≈≈≈≈♣..#...######+#
#.≈≈≈≈≈≈....#.⌠.#
#.≈≈≈≈≈.....#...#
#.≈≈≈.......#)###
#...........#)..#
............#___#
▓▓▓▓▓▓▓▓▓▓▓▓▓▓▓▓▓


You could see a deep elf pyromancer and 2 fire elementals.

Vanquished Creatures
  A scorpion (D)
  A water elemental (D)
  A kobold demonologist (D)
  A human (D)
  An endoplasm (D)
  3 rats (D)
8 creatures vanquished.

Vanquished Creatures (others)
  A wizard (D)
1 creature vanquished.

Grand Total: 9 creatures vanquished

Notes
Turn   | Place    | Note
-------+----------+-------------------------------------------
     0 | D        | HendSelp the Minotaur Fighter began the quest for the Orb.
     0 | D        | Reached XP level 1. HP: 19/19 MP: 0/0
   108 | D        | HP: 1/20 [human (4)]
   115 | D        | Reached skill level 1 in Dodging
   115 | D        | Reached XP level 2. HP: 24/28 MP: 1/1
   121 | D        | Noticed a scorpion
   134 | D        | Killed a scorpion
   135 | D        | Reached XP level 3. HP: 30/37 MP: 2/2
   135 | D        | Reached XP level 4. HP: 36/44 MP: 3/3
   204 | D        | Noticed a water elemental
   208 | D        | Killed a water elemental
   209 | D        | Reached skill level 5 in Long Blades
   209 | D        | Reached XP level 5. HP: 30/52 MP: 4/4
   436 | D        | Found a radiant altar of Vehumet.
   436 | D        | Found a shimmering blue altar of Sif Muna.
   436 | D        | Found an ancient bone altar of Kikubaaqudgha.
   605 | D        | Found a glowing silver altar of Zin.
   605 | D        | Found a glowing golden altar of the Shining One.
   605 | D        | Found a white marble altar of Elyvilon.
   606 | D        | Noticed a deep elf pyromancer
   609 | D        | Noticed a fire elemental
   609 | D        | Noticed a fire elemental
   610 | D        | Slain by a fire elemental

Illustrated notes

Levels and vault maps discovered:
D:        dungeon_sprint_mu [sprint_mu_entry_forest, sprint_mu_temple_rooms,
          sprint_mu_d1_spiders, sprint_mu_d2_genie, sprint_mu_d3_branching,
          sprint_mu_orc_legion, sprint_mu_elf_gauntlet, sprint_mu_hive_nellie,
          sprint_mu_lair_fedhas, sprint_mu_vaults_butterflies,
          sprint_mu_slime_circle, sprint_mu_swamp_cave, sprint_mu_snake_twists,
          sprint_mu_blade_basic, sprint_mu_crypt_lich, sprint_mu_tomb_spiral,
          sprint_mu_vestibule_basic, sprint_mu_gehenna_hellfire,
          sprint_mu_dis_giant, sprint_mu_tartarus_statrot,
          sprint_mu_cocytus_islands, sprint_mu_zot1]

Skill      XL: |  1  2  3  4 |
---------------+-------------+-----
Fighting       | 4 6 7 |  7.2
Armour         | 4 6 7 |  7.3
Shields        | 4 6 |  6.9
Long Blades    | 3 4 5 |  5.8
Dodging        | 1 2 3 |  3.4

Action                   |  1- 3 |  4- 6 || total
-------------------------+-------+-------++-------
Melee: Long sword        |    30 |    17 ||    47
       Headbutt          |     5 |     3 ||     8
  Use: Potion            |     2 |       ||     2
Armor: Scale mail        |     8 |     9 ||    17
Dodge: Dodged            |    15 |     5 ||    20
Block: Buckler           |     6 |     2 ||     8

Table legend: (Time is in decaauts)
 A = Elapsed time spent in this place.
 B = Non-inter-level travel time spent in this place.
 C = Inter-level travel time spent in this place.
 D = Time resting spent in this place.
 E = Time spent auto-exploring this place.
 F = Levels seen in this place.
 G = Mean time per level.
                   A        B        C        D        E       F      G
               +--------+--------+--------+--------+--------+-----+--------+
         Total |    623 |    623 |      0 |    362 |    137 |   1 |  623.0 |
       Dungeon |    623 |    623 |      0 |    362 |    137 |   1 |  623.0 |
               +--------+--------+--------+--------+--------+-----+--------+

Top non-repeatable levels by time:
       D: 623 daAuts
